 Dungeon Crawl Stone Soup version 0.29.1-2-gbd0b4ee654 (webtiles) character file.

Game seed: 6059836616827700060

202 leafyfresh the Ducker (level 6, -2/40 HPs)
             Began as a Djinni Ice Elementalist on Nov 26, 2022.
             Slain by a gnoll sergeant
             ... wielding a +6 vampiric trident
              (11 damage)
             ... on level 4 of the Dungeon.
             The game lasted 00:05:58 (6199 turns).

leafyfresh the Ducker (Djinni Ice Elementalist)     Turns: 6199, Time: 00:05:58

Health: -2/40      AC:  5    Str:  7    XL:     6   Next: 8%
Gold:   119        EV: 14    Int: 18    God:
                   SH:  0    Dex: 14

rFire   + + +      SeeInvis .   t - +3 quarterstaff (chaos)
rCold   x . .      Faith    .   (shield currently unavailable)
rNeg    . . .      Spirit   .   a - +0 robe
rPois   ∞          Reflect  .   c - +0 helmet
rElec   .          Harm     .   u - +0 cloak
rCorr   .          Rampage  .   k - +0 pair of gloves
Will    .....                   (boots unavailable)
Stlth   ++........              (no amulet)
HPRegen 0.13/turn               d - ring of protection from fire
MPRegen 0.00/turn               (no ring)

@: freezing walls, flying
A: sickness immunity, fire resistance 2, cold vulnerability 1, float, innate
caster, HP casting, extra vitality 1
a: no special abilities


You were on level 4 of the Dungeon.
You visited 1 branch of the dungeon, and saw 4 of its levels.

You collected 119 gold pieces.

Inventory:

Hand Weapons
 b - a +0 club
 s - a +3 dagger of pain
 t - a +3 quarterstaff of chaos (weapon)
Missiles
 m - 2 boomerangs (quivered)
Armour
 a - a +0 robe (worn)
 c - a +0 helmet (worn)
 k - a +0 pair of gloves (worn)
 u - a +0 cloak (worn)
Jewellery
 d - a ring of protection from fire (left hand)
 x - an amulet of reflection
 B - a +6 ring of dexterity
Scrolls
 e - 2 scrolls of teleportation {unknown}
 h - a scroll of poison {unknown}
 j - 2 scrolls of enchant weapon {unknown}
 l - 3 scrolls of identify {unknown}
 n - a scroll of noise {unknown}
 o - a scroll of vulnerability {unknown}
 q - a scroll of enchant armour {unknown}
 r - 4 scrolls of butterflies {unknown}
 w - a scroll of summoning {unknown}
 y - 2 scrolls of blinking {unknown}
Potions
 f - 2 potions of haste {unknown}
 g - 3 potions of heal wounds {unknown}
 i - a potion of lignification {unknown}
 p - a potion of mutation {unknown}
 v - 2 potions of invisibility {unknown}
 z - a potion of curing {unknown}
 A - a potion of flight {unknown}


   Skills:
 + Level 4.7 Dodging
 - Level 1.5 Stealth
 + Level 4.4 Spellcasting


You couldn't memorise any spells.
You knew the following spells:

 Your Spells              Type           Power      Damage    Failure   Level
a - Freeze                Ice            76%        1d9       2%          1
b - Frozen Ramparts       Ice            38%        1d6       7%          3
c - Ozocubu's Armour      Ice            19%        N/A       7%          3
d - Hailstorm             Conj/Ice       19%        3d6       22%         4
e - Sting                 Tmut/Pois      76%        1d6       2%          1
f - Searing Ray           Conj           38%        2d5       3%          2
Your spell library was empty.

Dungeon Overview and Level Annotations

Branches:
Dungeon (4/15)
 Temple: D:4-7

Altars:


Innate Abilities, Weirdness & Mutations

You are immune to sickness and miasma.
You are immune to poison.
Your flesh is very heat resistant. (rF++)
You are vulnerable to cold. (rC-)
You float through the air rather than walking.
You learn spells naturally, not from books.
Your magical power is your life essence.
You have superior vitality. (+4 MHP)


Message History

Casting: Hailstorm (quite dangerous; 22% risk of failure)
Press: ? - help, Dir - look around, f - activate A cannonade of hail descends around you!
The hail pelts the gnoll sergeant!
The gnoll sergeant is moderately wounded.
The hail pelts the gnoll!
The gnoll is almost dead.
The hail pelts the gnoll!
The gnoll is almost dead.
The hail pelts the gnoll!
The gnoll is heavily wounded.
The hail pelts the gnoll!
The gnoll is heavily wounded.
The wall freezes the gnoll.
The gnoll hits you with a +0 whip.
The wall freezes the gnoll but does no damage.
The wall freezes the gnoll.
You kill the gnoll!
The wall freezes the gnoll sergeant but does no damage.
The gnoll sergeant hits you from afar with a +6 vampiric trident!!
Casting: Hailstorm (quite dangerous; 22% risk of failure)
Confirm with . or Enter, or press ? or * to list all spells.
The spell is quite dangerous to miscast (22% risk of failure)!
Continue anyway?
Casting: Hailstorm (quite dangerous; 22% risk of failure)
Press: ? - help, Dir - look around, f - activate A cannonade of hail descends around you!
The hail pelts the gnoll sergeant.
The gnoll sergeant is severely wounded.
The hail pelts the gnoll!
You kill the gnoll!
The hail pelts the gnoll.
The gnoll is almost dead.
The hail pelts the gnoll!
You kill the gnoll!
* * * LOW HITPOINT WARNING * * *
The wall freezes the gnoll.
The gnoll hits you with a +0 whip.
* * * LOW HITPOINT WARNING * * *
The wall freezes the gnoll but does no damage.
The wall freezes the gnoll sergeant.
The gnoll sergeant hits you from afar with a +6 vampiric trident!
You die...

#.........
#.........
#.........
#########.........
#..Z..........####
#.#########'######
#####.#####
#........
#≈≈≈≈Z≈≈≈≈#
#........
#≈##≈@≈##≈#
#........ ##g##
#..[.....


gg) #........ #.).# #........ #.:.# #........ ##### # ####.#### ..#######..
........... ........... You could see a gnoll sergeant, 2 gnolls and a friendly
endoplasm zombie.

Vanquished Creatures
  Crazy Yiuf (D:2)
  Robin (D:2)
  6 gnolls (D:4)
  3 adders
  2 worms
  2 orcs (D:3)
  4 bats
  11 endoplasms
  12 hobgoblins
  8 jackals
  A quokka (D:1)
  3 ball pythons
  5 frilled lizards
  17 goblins
  2 kobolds
  5 rats
  A spectral kobold (D:1)
84 creatures vanquished.

Notes
Turn   | Place    | Note
-------+----------+-------------------------------------------
     0 | D:1      | leafyfresh the Djinni Ice Elementalist began the quest for
                  | the Orb.
     0 | D:1      | leafyfresh set off with the following spells memorised:
                  | Freeze, Frozen Ramparts, Ozocubu's Armour, Hailstorm.
     0 | D:1      | Reached XP level 1. HP: 15/15 MP: 0/0
   545 | D:1      | Reached XP level 2. HP: 3/21 MP: 0/0
  1251 | D:1      | Found a faded altar of an unknown god.
  1718 | D:1      | Reached XP level 3. HP: 18/25 MP: 0/0
  1718 | D:1      | Learned a level 1 spell: Sting
  3399 | D:2      | Found a runed translucent door.
  3400 | D:2      | Noticed Crazy Yiuf
  3545 | D:2      | Reached XP level 4. HP: 27/31 MP: 0/0
  4346 | D:2      | Noticed Robin
  4362 | D:2      | Killed Robin
  4716 | D:2      | Killed Crazy Yiuf
  4717 | D:2      | Reached XP level 5. HP: 22/35 MP: 0/0
  4717 | D:2      | Learned a level 2 spell: Searing Ray
  5980 | D:4      | Reached XP level 6. HP: 24/40 MP: 0/0
  6199 | D:4      | Slain by a gnoll sergeant

Illustrated notes

Levels and vault maps discovered:
D:1:      lemuel_arrival_muddy, layout_loops_corners,
          dreamdust_ecumenical_altar_drowned_temple
D:2:      layout_loops_corners, uniq_robin, uniq_crazy_yiuf_cottage
D:3:      layout_loops_corners
D:4:      layout_gridville, reono_crystal_passage, lightli_minifort

Skill      XL: |  1  2  3  4 |
---------------+-------------+-----
Dodging        | 3 4 |  4.7
Spellcasting   | 4 |  4.4
Stealth        | |  1.5

Action                   |  1- 3 |  4- 6 || total
-------------------------+-------+-------++-------
Melee: Club              |    53 |    10 ||    63
       Unarmed           |     1 |       ||     1
       Dagger            |       |     5 ||     5
       Quarterstaff      |       |    21 ||    21
 Cast: Freeze            |    31 |     6 ||    37
       Frozen Ramparts   |    10 |    18 ||    28
       Ozocubu's Armour  |       |     4 ||     4
       Searing Ray       |       |     3 ||     3
       Hailstorm         |       |     2 ||     2
 Stab: Sleeping          |     4 |     1 ||     5
       Petrified         |       |     1 ||     1
Armor: Robe              |    12 |    12 ||    24
Dodge: Dodged            |    49 |    32 ||    81
